PL
LOUISVILLE BC @ BUCKHEAD BOWTIES
09/21/2021
 
TOP OF THE 1ST
Louisville BC batting - Pitching for Buckhead Bowties : RHP Yoriyoshi Yamamoto
Pitching: RHP Yoriyoshi Yamamoto
Batting: RHB Andrés Rodríguez 0-0: Ball
1-0: Ground out 6-3 (Groundball, 6M)
Batting: RHB Luis Mendoza 0-0: Ball
1-0: Called Strike
1-1: Foul Ball, location: 2F
1-2: Foul Ball, location: 2F
1-2: Strikes out swinging
Batting: RHB Robbie Roach 0-0: Ball
1-0: Foul Ball, location: 2F
1-1: Fly out, F9 (Flyball, 89D)
Top of the 1st over - 0 run(s), 0 hit(s), 0 error(s), 0 left on base; Louisville 0 - Buckhead 0
BOTTOM OF THE 1ST
Buckhead Bowties batting - Pitching for Louisville BC : RHP John Wilkins
Pitching: RHP John Wilkins
Batting: RHB John Downing 0-0: Ball
1-0: Foul Ball, location: 2F
1-1: Ground out 5-3 (Groundball, 56)
Batting: LHB Neil Lawson 0-0: Swinging Strike
0-1: Ball
1-1: Ball
2-1: Foul Ball, location: 2F
2-2: Strikes out swinging passed ball, reaches first!
Batting: LHB Min-heui Im 0-0: Ball
1-0: Ground out 3-1 (Groundball, 34)
Neil Lawson to second
Batting: LHB Tony Martínez 0-0: SINGLE (Groundball, 34D)
Neil Lawson to third
Runner from 3rd tries for Home, SAFE, no throw or cutoff
Batting: RHB Dave King 0-0: Ball
1-0: Swinging Strike
1-1: Called Strike
1-2: Strikes out looking
Bottom of the 1st over - 1 run(s), 1 hit(s), 0 error(s), 1 left on base; Louisville 0 - Buckhead 1
TOP OF THE 2ND
Louisville BC batting - Pitching for Buckhead Bowties : RHP Yoriyoshi Yamamoto
Batting: RHB Jake Collins 0-0: Fly out, F3 (Line Drive, 3)
Batting: LHB Tim Hargrove 0-0: Called Strike
0-1: Ball
1-1: Called Strike
1-2: Strikes out swinging
Batting: RHB Yoshio Matsuo 0-0: Ball
1-0: Called Strike
1-1: Foul Ball, location: 2F
1-2: Foul Ball, location: 2F
1-2: Ball
2-2: SINGLE (Line Drive, 9S)
Batting: RHB Chi-ju Zhang 0-0: Ball
1-0: Ball
2-0: Called Strike
2-1: Ball
3-1: Called Strike
3-2: SINGLE (Groundball, 15) (infield hit)
Yoshio Matsuo to second
Batting: RHB Keith Best 0-0: Ball
1-0: Foul Ball, location: 2F
1-1: Ball
2-1: Fly out, F9 (Flyball, 9S)
Top of the 2nd over - 0 run(s), 2 hit(s), 0 error(s), 2 left on base; Louisville 0 - Buckhead 1
BOTTOM OF THE 2ND
Buckhead Bowties batting - Pitching for Louisville BC : RHP John Wilkins
Batting: RHB Gabriel Rodríguez 0-0: Ball
1-0: Foul Ball, location: 2F
1-1: Foul Ball, location: 2F
1-2: Ball
2-2: Strikes out swinging
Batting: RHB Chandler Bailey 0-0: Ball
1-0: SINGLE (Flyball, 78S)
Batting: RHB Pedro Morales 0-0: Ball
1-0: Swinging Strike
1-1: Called Strike
1-2: Ball
2-2: Ball
3-2: Strikes out looking
Batting: RHB Joe Shaw 0-0: Called Strike
0-1: Foul Ball, location: 2F
0-2: Ball
1-2: Foul Ball, location: 2F
1-2: Strikes out swinging
Bottom of the 2nd over - 0 run(s), 1 hit(s), 0 error(s), 1 left on base; Louisville 0 - Buckhead 1
TOP OF THE 3RD
Louisville BC batting - Pitching for Buckhead Bowties : RHP Yoriyoshi Yamamoto
Batting: LHB Gregory Johnson 0-0: Ball
1-0: Foul Ball, location: 2F
1-1: Called Strike
1-2: Strikes out swinging
Pitching: RHP Gene Kirkland
Batting: RHB Andrés Rodríguez 0-0: Ball
1-0: Ground out 4-3 (Groundball, 4)
Batting: RHB Luis Mendoza 0-0: Ball
1-0: Foul Ball, location: 2F
1-1: Ground out 6-3 (Groundball, 6M)
Top of the 3rd over - 0 run(s), 0 hit(s), 0 error(s), 0 left on base; Louisville 0 - Buckhead 1
BOTTOM OF THE 3RD
Buckhead Bowties batting - Pitching for Louisville BC : RHP John Wilkins
Batting: RHB John Downing 0-0: SINGLE (Line Drive, 78S)
Batting: LHB Neil Lawson 0-0: Called Strike
0-1: Ball
1-1: Swinging Strike
1-2: SINGLE (Groundball, 4M) (infield hit)
John Downing to second
Batting: LHB Min-heui Im 0-0: Fly out, F4 (Popup, 4M)
Batting: LHB Tony Martínez 0-0: Called Strike
0-1: Fly out, F7 (Flyball, 7M)
0-1: Lined into DP, 7-4 (Flyball, 7M)
Bottom of the 3rd over - 0 run(s), 2 hit(s), 0 error(s), 1 left on base; Louisville 0 - Buckhead 1
TOP OF THE 4TH
Louisville BC batting - Pitching for Buckhead Bowties : RHP Gene Kirkland
Batting: RHB Robbie Roach 0-0: Foul Ball, location: 2F
0-1: Foul Ball, location: 2F
0-2: Ball
1-2: SINGLE (Line Drive, 6MD)
Batting: RHB Jake Collins 0-0: Swinging Strike
0-1: Ball
1-1: Ball
2-1: Called Strike
2-2: Ball
3-2: Strikes out swinging
Robbie Roach is caught stealing 2nd base
Batter strikes out.
Batting: LHB Tim Hargrove 0-0: Ground out 4-3 (Groundball, 4)
Top of the 4th over - 0 run(s), 1 hit(s), 0 error(s), 0 left on base; Louisville 0 - Buckhead 1
BOTTOM OF THE 4TH
Buckhead Bowties batting - Pitching for Louisville BC : RHP John Wilkins
Batting: RHB Dave King 0-0: Called Strike
0-1: Swinging Strike
0-2: Ball
1-2: Foul Ball, location: 2F
1-2: Fly out, F4 (Popup, 34D)
Batting: RHB Gabriel Rodríguez 0-0: Fly out, F3 (Popup, 4)
Batting: RHB Chandler Bailey 0-0: Ball
1-0: Called Strike
1-1: Foul Ball, location: 2F
1-2: Ball
2-2: Ground out U3 (Groundball, 3)
Bottom of the 4th over - 0 run(s), 0 hit(s), 0 error(s), 0 left on base; Louisville 0 - Buckhead 1
TOP OF THE 5TH
Louisville BC batting - Pitching for Buckhead Bowties : RHP Gene Kirkland
Batting: RHB Yoshio Matsuo 0-0: Ball
1-0: Called Strike
1-1: Foul Ball, location: 2F
1-2: Ball
2-2: Ball
3-2: Strikes out swinging
Batting: RHB Chi-ju Zhang 0-0: Ground out 5-3 (Groundball, 56)
Batting: RHB Keith Best 0-0: Called Strike
0-1: Ball
1-1: Ground out 6-3 (Groundball, 6)
Top of the 5th over - 0 run(s), 0 hit(s), 0 error(s), 0 left on base; Louisville 0 - Buckhead 1
BOTTOM OF THE 5TH
Buckhead Bowties batting - Pitching for Louisville BC : RHP John Wilkins
Batting: RHB Pedro Morales 0-0: Swinging Strike
0-1: SINGLE (Line Drive, 8LS)
Batting: RHB Joe Shaw 0-0: Ball
1-0: Ball
2-0: Bunted foul
2-1: Bunted foul
2-2: Foul Ball, location: 2F
2-2: Foul Ball, location: 2F
2-2: Grounds into double play, 5-4-3 (Groundball, 5)
Batting: RHB John Downing 0-0: Called Strike
0-1: Ball
1-1: Called Strike
1-2: Ball
2-2: Foul Ball, location: 2F
2-2: Ball
3-2: SOLO HOME RUN (Flyball, 8LXD), Distance : 435 ft
Batting: LHB Neil Lawson 0-0: Ball
1-0: SOLO HOME RUN (Flyball, 9D), Distance : 383 ft
Batting: LHB Min-heui Im 0-0: Ball
1-0: Ball
2-0: Foul Ball, location: 2F
2-1: Foul Ball, location: 2F
2-2: SINGLE (Groundball, 3D)
Batting: LHB Tony Martínez 0-0: Called Strike
0-1: Foul Ball, location: 2F
0-2: Ball
1-2: SINGLE (Groundball, 34D)
Min-heui Im to second
Runner from 2nd tries for 3rd, SAFE, throw made to third
Batting: RHB Dave King 0-0: Foul Ball, location: 2F
0-1: Called Strike
0-2: Ball
1-2: Ball
2-2: Fielders Choice at 2nd, U6 (Groundball, 6M)
Bottom of the 5th over - 2 run(s), 5 hit(s), 0 error(s), 2 left on base; Louisville 0 - Buckhead 3
TOP OF THE 6TH
Louisville BC batting - Pitching for Buckhead Bowties : RHP Gene Kirkland
Batting: LHB Gregory Johnson 0-0: Ball
1-0: Called Strike
1-1: Ball
2-1: Swinging Strike
2-2: Strikes out looking
Batting: RHB Andrés Rodríguez 0-0: Foul Ball, location: 2F
0-1: Ball
1-1: Ball
2-1: Ball
3-1: Called Strike
3-2: Foul Ball, location: 2F
3-2: Fly out, F9 (Line Drive, 89M)
Pitching: RHP Brandon Bannatyne
Batting: RHB Luis Mendoza 0-0: Called Strike
0-1: Ball
1-1: Ball
2-1: Ball
3-1: Foul Ball, location: 2F
3-2: Fly out, F3 (Popup, 3F)
Top of the 6th over - 0 run(s), 0 hit(s), 0 error(s), 0 left on base; Louisville 0 - Buckhead 3
BOTTOM OF THE 6TH
Buckhead Bowties batting - Pitching for Louisville BC : RHP John Wilkins
Batting: RHB Gabriel Rodríguez 0-0: Swinging Strike
0-1: Ball
1-1: Foul Ball, location: 2F
1-2: Ball
2-2: Foul Ball, location: 2F
2-2: Strikes out swinging
Batting: RHB Chandler Bailey 0-0: Ball
1-0: Ball
2-0: Foul Ball, location: 2F
2-1: Ground out 4-3 (Groundball, 4)
Batting: RHB Pedro Morales 0-0: Ball
1-0: Called Strike
1-1: Foul Ball, location: 2F
1-2: Ball
2-2: Strikes out looking
Bottom of the 6th over - 0 run(s), 0 hit(s), 0 error(s), 0 left on base; Louisville 0 - Buckhead 3
TOP OF THE 7TH
Louisville BC batting - Pitching for Buckhead Bowties : RHP Brandon Bannatyne
Batting: RHB Robbie Roach 0-0: Ball
1-0: Ball
2-0: Ball
3-0: Called Strike
3-1: Called Strike
3-2: Base on Balls
Batting: RHB Jake Collins 0-0: Called Strike
0-1: Ball
1-1: Ball
2-1: Foul Ball, location: 2F
2-2: SINGLE (Flyball, 78S)
Robbie Roach to second
Batting: LHB Tim Hargrove 0-0: Ball
1-0: Ball
2-0: Called Strike
2-1: Ball
3-1: Ground out 4-3 (Groundball, 4M)
Robbie Roach to third
Jake Collins to second
Batting: RHB Yoshio Matsuo 0-0: Ball
1-0: Called Strike
1-1: Ball
2-1: SINGLE (Flyball, 89S)
Robbie Roach scores
Jake Collins to third
Runner from 3rd tries for Home, SAFE, throw made home
Yoshio Matsuo to second
Batting: RHB Chi-ju Zhang 0-0: Ball
Passed Ball!
Yoshio Matsuo to third
1-0: Called Strike
1-1: Called Strike
1-2: Ball
Passed Ball!
Yoshio Matsuo scores
2-2: Strikes out swinging
Batting: RHB Keith Best 0-0: Foul Ball, location: 2F
0-1: Ground out 5-3 (Groundball, 56)
Top of the 7th over - 3 run(s), 2 hit(s), 0 error(s), 0 left on base; Louisville 3 - Buckhead 3
BOTTOM OF THE 7TH
Buckhead Bowties batting - Pitching for Louisville BC : RHP John Wilkins
Batting: RHB Joe Shaw 0-0: Ground out 4-3 (Groundball, 4)
Batting: RHB John Downing 0-0: Called Strike
0-1: Swinging Strike
0-2: Foul Ball, location: 2F
0-2: Ball
1-2: Ground out 5-3 (Groundball, 5)
Batting: LHB Neil Lawson 0-0: Ball
1-0: Swinging Strike
1-1: Ball
2-1: SINGLE (Groundball, 34D)
Pitching: RHP Cris Mendoza
Batting: LHB Min-heui Im 0-0: Swinging Strike
0-1: Called Strike
Neil Lawson steals 2nd base
0-2: Ball
1-2: Ball
2-2: Foul Ball, location: 2F
2-2: Ball
3-2: Base on Balls
Batting: LHB Tony Martínez 0-0: Ball
1-0: Called Strike
1-1: Ball
2-1: Swinging Strike
2-2: Foul Ball, location: 2F
2-2: Ground out U3 (Groundball, 3S)
Bottom of the 7th over - 0 run(s), 1 hit(s), 0 error(s), 2 left on base; Louisville 3 - Buckhead 3
TOP OF THE 8TH
Louisville BC batting - Pitching for Buckhead Bowties : RHP Brandon Bannatyne
Pitching: LHP Chris Rogers
Pinch Hitting: RHB Mike Lewis 0-0: Ball
1-0: Ball
2-0: Foul Ball, location: 2F
2-1: Swinging Strike
2-2: Strikes out swinging
Pitching: RHP Mike Lyon
Batting: RHB Andrés Rodríguez 0-0: Ball
1-0: Ball
2-0: Ball
3-0: Called Strike
3-1: SINGLE (Line Drive, 8LS)
Batting: RHB Luis Mendoza 0-0: Ball
1-0: Bunted foul
1-1: Ball
Throwing error on steal attempt, E2
Andrés Rodríguez to third
2-1: Fly out, F9 (Flyball, 89M)
Runner from 3rd tags up, SCORES, no throw
Batting: RHB Robbie Roach 0-0: Ball
1-0: Swinging Strike
1-1: Foul Ball, location: 2F
1-2: DOUBLE (Line Drive, 7LD)
Batting: RHB Jake Collins 0-0: Called Strike
0-1: Foul Ball, location: 2F
0-2: Ball
1-2: Ball
2-2: Ball
3-2: SINGLE (Flyball, 9LS)
Robbie Roach to third
Robbie Roach scores
Batting: LHB Tim Hargrove 0-0: Ball
1-0: Foul Ball, location: 2F
1-1: Ball
2-1: Called Strike
2-2: Ball
3-2: DOUBLE (Flyball, 89XD)
Jake Collins to third
Jake Collins scores
Pitching: RHP Yin-fat Foong
Batting: RHB Yoshio Matsuo 0-0: Called Strike
0-1: Ball
Passed Ball!
Tim Hargrove to third
1-1: Ground out 1-3 (Groundball, 13S)
Top of the 8th over - 3 run(s), 4 hit(s), 1 error(s), 1 left on base; Louisville 6 - Buckhead 3
BOTTOM OF THE 8TH
Buckhead Bowties batting - Pitching for Louisville BC : RHP Cris Mendoza
Now at 3B: Mike Lewis
Batting: RHB Dave King 0-0: Called Strike
0-1: Ball
1-1: Foul Ball, location: 2F
1-2: Ball
2-2: Ball
3-2: Foul Ball, location: 2F
3-2: Base on Balls
Batting: RHB Gabriel Rodríguez 0-0: Ball
1-0: Grounds into double play, 4-6-3 (Groundball, 4)
Batting: RHB Chandler Bailey 0-0: Called Strike
0-1: Foul Ball, location: 2F
0-2: Strikes out looking
Bottom of the 8th over - 0 run(s), 0 hit(s), 0 error(s), 0 left on base; Louisville 6 - Buckhead 3
TOP OF THE 9TH
Louisville BC batting - Pitching for Buckhead Bowties : RHP Yin-fat Foong
Batting: RHB Chi-ju Zhang 0-0: Called Strike
0-1: Foul Ball, location: 2F
0-2: Strikes out looking
Batting: RHB Keith Best 0-0: Reached on error, E3 (Groundball, 3L)
Batting: RHB Mike Lewis 0-0: Foul Ball, location: 2F
0-1: Ball
1-1: Ball
Keith Best is caught stealing 2nd base
2-1: Foul Ball, location: 2F
2-2: Foul Ball, location: 2F
2-2: Fly out, F7 (Flyball, 7M)
Top of the 9th over - 0 run(s), 0 hit(s), 1 error(s), 0 left on base; Louisville 6 - Buckhead 3
BOTTOM OF THE 9TH
Buckhead Bowties batting - Pitching for Louisville BC : RHP Cris Mendoza
Pitching: LHP Pat Farrell
Batting: RHB Pedro Morales 0-0: Reached on error, E6 (Groundball, 6)
Batting: RHB Joe Shaw 0-0: Called Strike
0-1: Ball
1-1: Foul Ball, location: 2F
1-2: Strikes out looking
Batting: RHB John Downing 0-0: Ball
1-0: Ball
2-0: SINGLE (Line Drive, 7LS)
Pedro Morales to second
Batting: LHB Neil Lawson 0-0: Called Strike
0-1: Fielders Choice at 2nd, 3-6 (Groundball, 3)
Pedro Morales to third
Batting: LHB Min-heui Im 0-0: Ball
1-0: Ball
2-0: DOUBLE (Line Drive, 9LM)
Pedro Morales scores
Neil Lawson to third
Runner from 3rd tries for Home, SAFE, no throw or cutoff
Pitching: RHP Carlos Mata
Batting: LHB Tony Martínez 0-0: Called Strike
0-1: Fly out, F3 (Popup, 3F)
Bottom of the 9th over - 2 run(s), 2 hit(s), 1 error(s), 1 left on base; Louisville 6 - Buckhead 5
This league is powered by Out of the Park Baseball, the baseball management simulation game for PC, Mac and Linux
Friday, January 22nd, 2016 - OOTP Baseball 16.9 Build 39